 Dungeon Crawl Stone Soup version 0.27.1-33-g824d729ab1 (webtiles) character file.

Game seed: 6957728880996848555

294 caelumdeity the Changer (level 6, 0/47 HPs)
             Began as a Draconian Transmuter on Dec 17, 2021.
             Killed from afar by Crazy Yiuf (7 damage)
             ... with a puff of flame
             ... on level 2 of the Dungeon.
             The game lasted 00:13:09 (3616 turns).

caelumdeity the Changer (Draconian Transmuter)      Turns: 3616, Time: 00:13:09

Health: 0/47       AC:  6    Str: 13    XL:     6   Next: 11%
Magic:  8/9        EV: 12    Int: 15    God:
Gold:   96         SH:  0    Dex: 11    Spells: 6/9 levels left

rFire    . . .     SeeInvis .     - Unarmed
rCold    . . .     Faith    .   (no shield)
rNeg     . . .     Spirit   .   (armour unavailable)
rPois    .         Reflect  .   (helmet currently unavailable)
rElec    .         Harm     .   (no cloak)
rCorr    .         Rampage  .   (no gloves)
Will     .....                  (boots currently unavailable)
Stlth    +.........             (no amulet)
HPRegen  0.15/turn              (no ring)
MPRegen  0.11/turn              (no ring)

@: appendages
A: horns 2, talons 2, AC +6, unfitting armour, cold-blooded
a: End Transformation


You were on level 2 of the Dungeon.
You had temporarily grown beastly horns and talons.
You visited 1 branch of the dungeon, and saw 3 of its levels.
You also visited: Sewer.

You collected 96 gold pieces.

Inventory:

Missiles
 d - 22 poisoned darts (quivered)
Armour
 m - a +1 pair of boots (melded)
Wands
 f - a wand of flame (22)
Scrolls
 c - a scroll of summoning {unknown}
 g - a scroll of noise {unknown}
 h - 2 scrolls of blinking {unknown}
 i - a scroll of amnesia {unknown}
 j - a scroll of identify {unknown}
 k - a scroll of vulnerability {unknown}
Potions
 a - a potion of brilliance {unknown}
 b - 4 potions of flight
 e - 2 potions of curing
 l - a potion of magic {unknown}


   Skills:
 - Level 1.1 Fighting
 - Level 1.7 Dodging
 * Level 4.8 Unarmed Combat
 + Level 2.4 Spellcasting
 - Level 5.0 Transmutations


You had 6 spell levels left.
You knew the following spells:

 Your Spells              Type           Power      Damage    Failure   Level
a - Beastly Appendage     Tmut           32%        N/A       2%          1
b - Wereblood             Tmut           16%        N/A       4%          2

Your spell library contained the following spells:

 Spells                   Type           Power      Damage    Failure   Level
 Spider Form              Tmut/Pois      4%         N/A       22%         3
 Ice Form                 Ice/Tmut       9%         N/A       58%         4


Dungeon Overview and Level Annotations

Branches:
Dungeon (3/15)              Sewer (visited)

Altars:
Xom

Annotations:
D:2 Crazy Yiuf


Innate Abilities, Weirdness & Mutations

You have temporarily grown beastly horns and talons.
Your plain brown scales are hard. (AC +6)
You cannot fit into any form of body armour.
You are cold-blooded and may be slowed by cold attacks.


Message History

d - 22 poisoned darts (gained 2)
Found a mace.
Found a runed translucent door.
Crazy Yiuf shouts!
Crazy Yiuf yells, "Pitchfork!
Seed infinity chair."
Crazy Yiuf says, "Sif Muna!
Sif Muna sallow canine."
Crazy Yiuf shouts!
Could not explore, unopened runed door.
Press: ? - help, v - describe, . - travel
Here: Crazy Yiuf, wielding a +4 quarterstaff of chaos, wearing a +0 cloak and carrying a wand of flame (14) (fire blocked by a runed translucent door)
The floor.
Casting: Beastly Appendage (safe; 2% risk of failure)
Confirm with . or Enter, or press ? or * to list all spells.
You grow a pair of large bovine horns.
Your feet morph into talons.
Your +1 pair of boots melds into your body.
You open the door. You hit Crazy Yiuf.
Crazy Yiuf is lightly wounded.
Crazy Yiuf zaps a wand.
The puff of flame misses you.
You hit Crazy Yiuf. You claw Crazy Yiuf, but do no damage.
Your punch misses Crazy Yiuf.
Crazy Yiuf is lightly wounded.
Crazy Yiuf hits you with a +4 quarterstaff of chaos!
You are electrocuted!!
You hit Crazy Yiuf.
Your tail-slap misses Crazy Yiuf.
Crazy Yiuf is moderately wounded.
Crazy Yiuf misses you.
You completely miss Crazy Yiuf. Your headbutt misses Crazy Yiuf.
Crazy Yiuf is moderately wounded.
Crazy Yiuf zaps a wand.
The puff of flame hits you.
* * * LOW HITPOINT WARNING * * *
You barely miss Crazy Yiuf. You claw Crazy Yiuf, but do no damage.
Crazy Yiuf is moderately wounded.
Crazy Yiuf hits you with a +4 quarterstaff of chaos.
* * * LOW HITPOINT WARNING * * *
Space bends around you.
* * * LOW HITPOINT WARNING * * *
You hit Crazy Yiuf. Your headbutt misses Crazy Yiuf.
Crazy Yiuf is severely wounded.
Crazy Yiuf zaps a wand.
The puff of flame hits you!
You die...

#.## #>#.#
...##############.#.#
###########
....................#
#..........
...##################
#####...... #.##
#.##### #.# #.# #.#
### ♣♣####.# #.#
#)..#♣♣ ♣♣....#.# #.#
#...g@♣♣♣♣.P.....#
#.########
#...#♣..♣.P....###
#........# ###
♣♣♣.♣....##
########## ♣♣♣♣♣###


You could see Crazy Yiuf.

Vanquished Creatures
  A kobold brigand (Sewer)
  Jessica (D:2)
  2 orc wizards (D:3)
  Robin (D:2)
  A gnoll (D:1)
  3 adders
  A river rat (Sewer)
  A worm (D:3)
  3 dart slugs
  4 orcs (D:3)
  5 bats
  2 endoplasms (D:1)
  8 giant cockroaches
  10 hobgoblins (D:2)
  7 jackals
  5 quokkas
  7 ball pythons
  6 goblins
  5 kobolds
  13 rats
86 creatures vanquished.

Vanquished Creatures (others)
  A fungus (D:2)
1 creature vanquished.

Grand Total: 87 creatures vanquished

Notes
Turn   | Place    | Note
-------+----------+-------------------------------------------
     0 | D:1      | caelumdeity the Draconian Transmuter began the quest for
                  | the Orb.
     0 | D:1      | Reached XP level 1. HP: 16/16 MP: 3/3
   217 | D:1      | Reached XP level 2. HP: 23/23 MP: 5/5
   271 | D:1      | Reached skill level 3 in Transmutations
   449 | D:2      | Found a faded altar of an unknown god.
   473 | D:3      | Found a shimmering altar of Xom.
   658 | D:3      | Reached XP level 3. HP: 27/28 MP: 6/6
   725 | D:3      | Reached skill level 4 in Transmutations
   725 | D:3      | Reached XP level 4. HP: 24/35 MP: 7/7
  1175 | D:3      | Found a glowing drain.
  1179 | Sewer    | Entered a sewer
  1423 | Sewer    | Noticed a kobold brigand
  2095 | Sewer    | Killed a kobold brigand
  2096 | Sewer    | Reached skill level 5 in Transmutations
  2096 | Sewer    | Reached XP level 5. HP: 36/40 MP: 6/8
  2099 | Sewer    | Learned a level 2 spell: Wereblood
  2164 | Sewer    | Found a glowing silver altar of Zin.
  2417 | D:2      | Noticed Jessica
  2429 | D:2      | Killed Jessica
  2780 | D:2      | Noticed Robin
  3214 | D:2      | Reached XP level 6. HP: 46/47 MP: 9/9
  3267 | D:2      | Killed Robin
  3512 | D:2      | Found a runed translucent door.
  3513 | D:2      | Noticed Crazy Yiuf
  3616 | D:2      | Killed from afar by Crazy Yiuf

Illustrated notes

Levels and vault maps discovered:
D:1:      minmay_arrival_loop, layout_basic
D:2:      layout_loops_ring, ebering_ecumenical_altar_mist,
          kennysheep_cross_bottleneck, minmay_misc_feat_tiny, uniq_jessica,
          uniq_crazy_yiuf_cottage, uniq_robin
D:3:      layout_rooms, mainiacjoe_overflow_alcove_4,
          mainiacjoe_overflow_tiny_flanked, gup_sewer_entry_bowl

Skill      XL: |  1  2  3  4 |
---------------+-------------+-----
Transmutations | 3 4 5 |  5.0
Unarmed Combat | 4 |  4.8
Fighting       | |  1.1
Dodging        | |  1.7
Spellcasting   | |  2.4

Action                   |  1- 3 |  4- 6 || total
-------------------------+-------+-------++-------
Melee: Unarmed           |   107 |   193 ||   300
       Tailslap          |     4 |     9 ||    13
       Kick              |     3 |    21 ||    24
       Headbutt          |     3 |     8 ||    11
       Punch             |     1 |     3 ||     4
Throw: Stone             |     9 |    18 ||    27
       Dart              |       |    18 ||    18
 Cast: Beastly Appendage |     2 |     8 ||    10
       Wereblood         |       |     2 ||     2
Armor: Skin              |    31 |    68 ||    99
Dodge: Dodged            |    79 |   138 ||   217
